 Dungeon Crawl Stone Soup version 0.20.2-3-g29329e0561 (webtiles) character file.

150 Alfie the Skirmisher (level 5, 0/47 HPs)
             Began as a Hill Orc Fighter on Apr 10, 2024.
             Slain by Blork the orc
             ... wielding a +0 war axe of flaming
              (3 damage)
             ... on level 4 of the Dungeon.
             The game lasted 00:05:59 (2412 turns).

Alfie the Skirmisher (Hill Orc Fighter)             Turns: 2412, Time: 00:05:59

Health: 0/47       AC:  9    Str: 20    XL:     5   Next: 32%
Magic:  5/5        EV:  7    Int:  8    God:
Gold:   251        SH:  9    Dex: 10    Spells: 4/4 levels left

rFire    . . .     SeeInvis .   a - +0 rapier
rCold    . . .     Gourm    .   c - +0 shield
rNeg     . . .     Faith    .   b - +0 scale mail
rPois    .         Spirit   .   (no helmet)
rElec    .         Reflect  .   d - +1 cloak
rCorr    .         Harm     .   (no gloves)
MR       .....                  (no boots)
Stlth    ..........             (no amulet)
Regen    0.2/turn               (no ring)
MPRegen  0.1/turn               (no ring)

@: drained
A: no striking features
a: no special abilities


You were on level 4 of the Dungeon.
You were hungry.

You visited 1 branch of the dungeon, and saw 4 of its levels.

You collected 251 gold pieces.

Inventory:

Hand Weapons
 a - a +0 rapier (weapon)
Missiles
 s - 2 tomahawks (quivered)
Armour
 b - a +0 scale mail (worn)
 c - a +0 shield (worn)
 d - a +1 cloak (worn)
Wands
 x - a wand of digging (16/24)
Scrolls
 e - a scroll of fog {unknown}
 f - 2 scrolls of remove curse
 k - a scroll of recharging {unknown}
 m - a scroll of noise {unknown}
 n - a scroll of magic mapping {unknown}
 o - 3 scrolls of identify
 p - a scroll of immolation {unknown}
 q - a scroll of teleportation {unknown}
Potions
 g - 4 potions of curing
 h - 4 potions of heal wounds {unknown}
 i - a potion of haste {unknown}
 j - a potion of mutation {unknown}
 l - a potion of brilliance {unknown}
 r - a potion of lignification {unknown}
 t - a potion of invisibility {unknown}
 u - a potion of berserk rage {unknown}
 w - a potion of agility {unknown}
Comestibles
 v - a meat ration


   Skills:
 + Level 4.3(4.1) Fighting
 + Level 3.4(3.1) Short Blades
 + Level 4.1(3.8) Armour
 + Level 0.5(0.3) Dodging
 + Level 4.1(3.9) Shields


You had 4 spell levels left.
You didn't know any spells.

Dungeon Overview and Level Annotations

Branches:
Dungeon (4/15)
 Temple: D:4-7

Altars:
Dithmenos
Gozag
Hepliaklqana
Trog
Zin

Annotations:
D:4 Blork the orc


Message History

* * * LOW HITPOINT WARNING * * *
You hit Blork the orc but do no damage.
Blork the orc is heavily wounded.
Blork the orc casts a spell at you. The magic dart hits you!
* * * LOW HITPOINT WARNING * * *
You puncture Blork the orc!
Blork the orc is severely wounded.
Blork the orc screams, "I'll decorate my home with your organs!"
Blork the orc casts a cantrip, but nothing happens.
You hit Blork the orc.
Blork the orc is almost dead.
Blork the orc casts a spell at you. The puff of flame misses you.
You closely miss Blork the orc.
Blork the orc is almost dead.
Blork the orc hits you with a war axe of flaming.
* * * LOW HITPOINT WARNING * * *
Blork the orc burns you.
You die...

### ###########.#
#.......@o$.#
##.########.# #.#
#.############
#.o...........
########o#.#.#.#.
#.....<.#.#.#
#.####.#.#.#.#
#..#.#o#.#


You could see Blork the orc.

Vanquished Creatures
  Crazy Yiuf (D:3)
  5 adders
  2 worms (D:2)
  2 dart slugs
  A leopard gecko (D:2)
  9 orcs (D:3)
  6 bats
  7 goblins
  7 hobgoblins
  5 kobolds
  2 quokkas (D:2)
  9 frilled lizards
  5 rats
61 creatures vanquished.

Notes
Turn   | Place    | Note
-------+----------+-------------------------------------------
     0 | D:1      | Alfie the Hill Orc Fighter began the quest for the Orb.
     0 | D:1      | Reached XP level 1. HP: 19/19 MP: 1/1
   167 | D:1      | Reached XP level 2. HP: 23/27 MP: 2/2
   933 | D:2      | Reached XP level 3. HP: 13/33 MP: 3/3
  1245 | D:2      | Found a bloodstained altar of Trog.
  1270 | D:2      | Reached XP level 4. HP: 28/40 MP: 4/4
  1494 | D:3      | Found a hazy altar of Hepliaklqana.
  2019 | D:3      | Found a runed door.
  2023 | D:3      | Noticed Crazy Yiuf
  2030 | D:3      | Killed Crazy Yiuf
  2030 | D:3      | Reached XP level 5. HP: 28/46 MP: 5/5
  2083 | D:3      | Found a shadowy altar of Dithmenos.
  2203 | D:3      | Found an opulent altar of Gozag.
  2204 | D:3      | Found a glowing silver altar of Zin.
  2377 | D:4      | Noticed Blork the orc
  2412 | D:4      | Slain by Blork the orc

Skill      XL: |  1  2  3  4 |
---------------+-------------+-----
Fighting       | 4 |  4.3
Short Blades   | 3 |  3.4
Armour         | 4 |  4.1
Shields        | 4 |  4.1
Dodging        | |  0.5

Action                   |  1- 3 |  4- 6 || total
-------------------------+-------+-------++-------
Melee: Rapier            |   142 |   112 ||   254
  Use: Scroll            |       |     2 ||     2
       Potion            |       |     1 ||     1
  Eat: Bread ration      |     1 |       ||     1
Armor: Scale mail        |    61 |    33 ||    94
Dodge: Dodged            |    47 |    31 ||    78
Block: Shield            |    56 |    38 ||    94
